 Dungeon Crawl Stone Soup version 0.31-a0-1300-gb6740aa4e6 (console) character file.

Game seed: 7931285619301743848

25 petzl the Sneak (level 3, 0/29 HPs)
             Began as a Formicid Delver on Dec 18, 2023.
             Succumbed to a kobold brigand's poison
             ... in a sewer.
             The game lasted 00:04:56 (599 turns).

petzl the Sneak (Formicid Delver)                    Turns: 599, Time: 00:04:57

Health: 0/29       AC:  3    Str: 16    XL:     3   Next: 17%
Magic:  5/5        EV: 12    Int: 11    God:
Gold:   34         SH:  0    Dex: 15    Spells: 4/5 levels left

rFire   . . .        b - +0 sling
rCold   . . .        (no shield)
rNeg    . . .        h - +0 leather armour
rPois   .            (helmet unavailable)
rElec   .            (no cloak)
rCorr   .            (no gloves)
SInv    +            (no boots)
Will    .....        (no amulet)
Stlth   ++           (no ring)
HPRegen 0.24/turn    (no ring)
MPRegen 0.09/turn

%: no passive effects
@: lethally poisoned (0 -> -7), very slow
A: permanent stasis, dig shafts and tunnels, antennae 3, four strong arms
a: Dig


You were in a sewer.
You visited 1 branch of the dungeon, and saw 2 of its levels.
You also visited: Sewer.

You collected 34 gold pieces.

Inventory:

Hand Weapons
 a - a +0 mace
 b - a +0 sling (weapon)
Armour
 h - a +0 leather armour (worn)
Wands
 f - a wand of digging (3)
Scrolls
 c - a scroll of fog
 d - a scroll of revelation
 g - a scroll of enchant armour {unknown}


   Skills:
 - Level 3.2 Fighting
 - Level 2.0 Maces & Flails
 + Level 1.5 Ranged Weapons
 - Level 1.7 Dodging
 - Level 6.0 Stealth
 + Level 1.8 Spellcasting


You had 4 spell levels left.
You knew the following spells:

 Your Spells              Type           Power      Damage    Failure   Level
p - Apportation           Tloc           2%         N/A       36%         1

Your spell library contained the following spells:

 Spells                   Type           Power      Damage    Failure   Level
 Jinxbite                 Hex            2%         N/A       50%         2
 Lesser Beckoning         Tloc           2%         N/A       50%         2
 Momentum Strike          Conj/Tloc      2%         3d8       50%         2
 Alistair's Intoxication  Tmut/Pois      0%         N/A       100%        5
 Blink                    Tloc           Unusable   N/A       N/A         2

Dungeon Overview and Level Annotations

Branches:
Dungeon (6/15)              Sewer (1/1)
 Temple: D:4-7

Altars:
Dithmenos

Annotations:
D:5 exclusion: downstairs
D:6 exclusion: 2 sensed monsters (detected)


Innate Abilities, Weirdness & Mutations

You cannot be hasted, slowed, berserked, paralysed or teleported.
You can dig through walls and to a lower floor.
You have a pair of large antennae on your head. (SInv)
Your four strong arms can wield two-handed weapons with a shield.


Message History

The kobold brigand is severely wounded.
Fire: b) +0 sling
Press: ? - help, Q - select action, (/) - cycle Shift-Dir - straight line, f/p - kobold brigand
Aim: a kobold brigand, wielding a +0 club and quivering poisoned darts (severely wounded, 47% to hit)
You shoot a sling bullet.
The sling bullet hits the kobold brigand.
The kobold brigand is severely wounded.
The kobold brigand throws a poisoned dart.
The poisoned dart hits you!
You are lethally poisoned!
You aren't carrying any potions.
Okay, then.
Okay, then.
Unknown command.
Fire: b) +0 sling
Press: ? - help, Q - select action, (/) - cycle Shift-Dir - straight line, f/p - kobold brigand
Aim: a kobold brigand, wielding a +0 club and quivering poisoned darts (severely wounded, 47% to hit)
You shoot a sling bullet.
The sling bullet hits the kobold brigand.
The kobold brigand is severely wounded.
* * * LOW HITPOINT WARNING * * *
You feel sick.
Fire: b) +0 sling
Press: ? - help, Q - select action, (/) - cycle Shift-Dir - straight line, f/p - kobold brigand
Aim: a kobold brigand, wielding a +0 club and quivering poisoned darts (severely wounded, 47% to hit)
You shoot a sling bullet.
The sling bullet misses the kobold brigand.
* * * LOW HITPOINT WARNING * * *
You feel sick.
The kobold brigand throws a poisoned dart.
The poisoned dart closely misses you.
The kobold brigand throws a poisoned dart.
The poisoned dart hits you.
You are more poisoned.
Fire: b) +0 sling
Press: ? - help, Q - select action, (/) - cycle Shift-Dir - straight line, f/p - kobold brigand
Aim: a kobold brigand, wielding a +0 club and quivering poisoned darts (severely wounded, 47% to hit)
You shoot a sling bullet.
The sling bullet closely misses the kobold brigand.
You die...

#~~.## #. ####### #.~.~## #~~.
#.~~~.##### #.~~.~#####~~~~
#####~~~†~########..~~.~~~~...~
#.~~~~###.~.....####..~~~~.~~#
####### #~~~~~.~.# ##~.~~..~#
#†~~~~###~~...~~.####~..~~..##
#####~~~..####.~~.##....~.~..##
#.~~~~##### ##~~~.~~.~.~......
####### ##~..~..~.~...~~.
#~~.~........~~.
#.~~~.~~∩.∩.~~..
#...~.......~... #######
##~~....~.~..~.~~ #.~~~~#####
##~.~~~.~~~~.~....
#####~.†.~####..~.##~.~.~.~~~##
#.~~~~###..~~~~~.####~..~~.~##
####### #†~~~~~..# #~..~.~.#
#.~~~~###~~@.~.~## .~.~.~~~.
#.K~~~####### #.~~~~##### #####


You could see a kobold brigand.

Vanquished Creatures
  A white imp (D:6)
  4 worms (Sewer)
  An orc (D:5)
  A kobold (Sewer)
  3 rats (Sewer)
10 creatures vanquished.

Notes
Turn   | Place    | Note
-------+----------+-------------------------------------------
     0 | D:5      | petzl the Formicid Delver began the quest for the Orb.
     0 | D:5      | Reached XP level 1. HP: 18/18 MP: 1/1
     2 | D:6      | Noticed a water moccasin
    19 | D:5      | Noticed an iguana
   105 | D:5      | Found a shadowy altar of Dithmenos.
   115 | D:5      | Noticed an orc warrior
   127 | D:5      | Noticed an orc wizard
   133 | D:5      | Noticed a scorpion
   139 | D:5      | You fall into a shaft and drop 1 floor!
   234 | D:6      | Reached skill level 1 in Spellcasting
   234 | D:6      | Reached XP level 2. HP: 10/24 MP: 1/3
   344 | D:6      | Learned a level 1 spell: Apportation
   378 | D:6      | Found a glowing drain.
   381 | Sewer    | Entered a sewer
   406 | Sewer    | Noticed a kobold brigand
   414 | Sewer    | Reached skill level 1 in Ranged Weapons
   540 | Sewer    | Reached XP level 3. HP: 29/29 MP: 5/5
   554 | Sewer    | Noticed a kobold brigand
   599 | Sewer    | Succumbed to a kobold brigand's poison

Illustrated notes

Levels and vault maps discovered:
D:5:      layout_basic, mainiacjoe_overflow_small_starburst,
          nicolae_dithmenos_shadow_blocks, serial_shops, shop_statue,
          lightli_corner_chamber, uniq_edmund
D:6:      layout_basic, gup_sewer_entry_bowl
Sewer:    sewer_co_tree

Skill      XL: |  1  2 |
---------------+-------+-----
Spellcasting   | 1 |  1.8
Ranged Weapons | 1 |  1.5
Fighting       | |  3.2
Maces & Flails | |  2.0
Dodging        | |  1.7
Stealth        | |  6.0

Action                     || total
---------------------------++-------
  Melee: Mace              ||    34
   Fire: Sling             ||    39
Ability: Shaft Self        ||     1
         Dig               ||     1
    Use: Scroll            ||     2
 Armour: Leather armour    ||    16
  Dodge: Dodged            ||    19

Table legend: (Time is in decaauts)
 A = Elapsed time spent in this place.
 B = Non-inter-level travel time spent in this place.
 C = Inter-level travel time spent in this place.
 D = Time resting spent in this place.
 E = Time spent auto-exploring this place.
 F = Levels seen in this place.
 G = Mean time per level.
                   A        B        C        D        E       F      G
               +--------+--------+--------+--------+--------+-----+--------+
         Total |    661 |    661 |      0 |    109 |     57 |   3 |  220.3 |
       Dungeon |    382 |    382 |      0 |    109 |     30 |   2 |  191.0 |
         Sewer |    279 |    279 |      0 |      0 |     27 |   1 |  279.0 |
               +--------+--------+--------+--------+--------+-----+--------+

Top non-repeatable levels by time:
   Sewer: 279 daAuts
     D:6: 247 daAuts
     D:5: 134 daAuts
